 Dungeon Crawl Stone Soup version 0.16-a0-3074-gc0bb631 (webtiles) character file.

185 MackTheKnife the Spear-Bearer (level 5, -5/41 HPs)
             Began as a Merfolk Chaos Knight on Dec 11, 2014.
             Was a Plaything of Xom.
             Killed from afar by Robin (10 damage)
             ... with a wand of magic darts
             ... on level 3 of the Dungeon.
             The game lasted 00:04:06 (2379 turns).

MackTheKnife the Spear-Bearer (MfCK)                Turns: 2379, Time: 00:04:06

Health: -5/41      AC:  7    Str: 12    XL:     5   Next: 64%
Magic:  5/5        EV: 12    Int: 12    God:    Xom [.*....]
Gold:   106        SH:  0    Dex: 16    Spells: 0 memorised, 4 levels left

rFire  . . .     SeeInvis .     p - +0 halberd
rCold  + . .     Clarity  +     b - +2 leather armour
rNeg   . . .     SustAb   .     (no shield)
rPois  .         Gourm    .     (helmet restricted)
rElec  .         Spirit   .     (no cloak)
rCorr  .         Warding  .     m - +0 pair of gloves
rMut   .         Stasis   .     (no boots)
MR     .....                    (no amulet)
Stlth  +.........               i - ring of protection from cold
                                f - +1 ring of protection

@: not resistant to hostile enchantments, very unstealthy
A: change form in water, swift swim, fangs 1, horns 1, agile 1, clarity
a: Renounce Religion


You were on level 3 of the Dungeon.
You worshipped Xom.
You were a plaything of Xom.
You were hungry.

You visited 1 branch of the dungeon, and saw 3 of its levels.

You collected 106 gold pieces.


Innate Abilities, Weirdness & Mutations

You revert to your normal form in water.
You are very nimble and swift while swimming.
You have very sharp teeth.
You have a pair of small horns on your head.
You are agile. (Dex +2)
You possess an exceptional clarity of mind.


   Skills:
 - Level 3.2 Fighting
 + Level 8.9 Polearms
 - Level 0.6 Armour
 - Level 2.6 Dodging


You had 4 spell levels left.
You didn't know any spells.

Inventory:

Hand weapons
 p - a +0 halberd (weapon)
Armour
 b - a +2 leather armour (worn)
 m - a +0 pair of gloves (worn)
Jewellery
 f - a +1 ring of protection (left hand)
 i - a ring of protection from cold (right hand)
Scrolls
 e - a scroll of remove curse {unknown}
 h - a scroll of magic mapping
 k - a scroll of blinking {unknown}
 l - a scroll of identify {unknown}
 n - a scroll of noise {unknown}
Potions
 g - a potion of heal wounds
 j - a potion of cure mutation {unknown}
Comestibles
 c - 5 bread rations
 d - 2 meat rations
 o - a beef jerky

,***,,,,,,*****#.#**#.......#*#<.
*,,,,,>,,,,,,,,..............##..
**,,,*,*,,*****#.####............
,,,,,*,,,,* #.# ##.....######
**,*****,,* #.# ##...##
*,,,*,,,,* #.# ##.## ***,...,,,*
#.# *#*
,,,.....########.########********
**,,###..((<...gmg.......,,,,,,,,
,,,.........(.gggg.......,,,,,,,,
,,,,.........w(gg........,,,,,,,,
≈,≈,≈≈≈.≈≈.≈.≈((g..≈.≈≈≈,≈≈≈,≈≈,≈
≈≈≈≈≈≈≈≈≈≈≈≈≈≈≈....≈≈≈≈≈≈≈≈≈≈≈≈≈≈
≈≈≈≈≈≈≈≈≈≈≈≈≈≈≈.....≈≈≈≈≈≈≈≈≈≈≈≈≈
≈≈≈≈≈≈≈≈≈≈≈≈≈≈......≈≈≈≈≈≈≈≈≈≈≈≈≈
*******#########++####***********
,,,,,,*,,,,,,,*,,,,*,,,,,,,*,,,,,


You could see a worm, Robin, 4 hobgoblins and 4 goblins.


Message History

The goblin hits you but does no damage. The goblin misses you.
The worm misses you.
Unknown command.
Read which item? (? for menu, Esc to quit)
As you read the scroll labeled IPIRUIWNUMM, it crumbles to dust.
You feel aware of your surroundings.
It was a scroll of magic mapping.
The hobgoblin hits you. The goblin completely misses you.
Robin hits you with a mace!
* * * LOW HITPOINT WARNING * * *
The goblin splashes around in the water.
The goblin hits you but does no damage.
Unknown command.
Unknown command.
The hobgoblin hits you.
* * * LOW HITPOINT WARNING * * *
The goblin hits you but does no damage. The goblin closely misses you.
Robin roars a battlecry!
The goblins go into a battle-frenzy!
Robin zaps a wand.
The magic dart hits you!
* * * LOW HITPOINT WARNING * * *
You see here a dagger.
The hobgoblin closely misses you. Robin throws the goblin at you!
* * * LOW HITPOINT WARNING * * *
Unknown command.
The hobgoblin hits you.
* * * LOW HITPOINT WARNING * * *
Robin roars a battlecry!
The hobgoblin goes into a battle-frenzy!
Robin zaps a wand.
The magic dart hits you!
You die...

Action                   |  1- 3 |  4- 6 || total
-------------------------+-------+-------++-------
Melee: Spear             |   152 |    41 ||   193
       Unarmed           |       |    13 ||    13
       Halberd           |       |    16 ||    16
  Use: Potion            |       |     1 ||     1
       Scroll            |       |     1 ||     1
 Stab: Paralysed         |     2 |       ||     2
       Sleeping          |     1 |       ||     1
       Confused          |       |     4 ||     4
  Eat: Chunk             |     2 |     2 ||     4

Vault maps used:
D:1:      dpeg_arrival_renting
D:2:      minmay_bat_box
D:3:      minmay_goblin_kobold_castle, first_bread, uniq_sigmund, uniq_robin

Notes
Turn   | Place    | Note
--------------------------------------------------------------
     0 | D:1      | MackTheKnife, the Merfolk Chaos Knight, began the quest for the Orb.
     0 | D:1      | Reached XP level 1. HP: 18/18 MP: 1/1
    37 | D:1      | XOM: smoke on damage
    39 | D:1      | Reached skill level 5 in Polearms
    66 | D:1      | XOM: divination: detect creatures
    82 | D:1      | Reached XP level 2. HP: 20/24 MP: 2/2
   777 | D:1      | XOM: silly message
   863 | D:2      | XOM: fog
   903 | D:2      | Reached skill level 6 in Polearms
   903 | D:2      | Reached XP level 3. HP: 29/29 MP: 3/3
  1289 | D:2      | XOM: vitrification
  1412 | D:2      | XOM: give mutation
  1412 | D:2      | Gained mutation: You have very sharp teeth. [Xom's grace]
  1458 | D:2      | XOM: vitrification
  1472 | D:2      | XOM: give mutation
  1472 | D:2      | Gained mutation: You possess an exceptional clarity of mind. [Xom's grace]
  1608 | D:2      | XOM: give mutations
  1608 | D:2      | Gained mutation: You have a pair of small horns on your head. [Xom's grace]
  1608 | D:2      | Gained mutation: You are agile. (Dex +2) [Xom's grace]
  1609 | D:2      | XOM: swap monsters
  1611 | D:2      | Reached XP level 4. HP: 16/35 MP: 4/4
  1616 | D:3      | Reached skill level 7 in Polearms
  1873 | D:3      | Noticed Sigmund
  1944 | D:3      | XOM: divination: magic mapping
  1953 | D:3      | Noticed Herrn's ghost (average FoFi)
  1959 | D:3      | XOM: summons 4 friendly demons
  1963 | D:3      | XOM: enchant monster (good)
  1966 | D:3      | XOM: divination: magic mapping
  1969 | D:3      | XOM: cast spell 'Spider Form'
  1973 | D:3      | XOM: enchant monster (good)
  1981 | D:3      | XOM: smoke on damage
  1984 | D:3      | Killed Herrn's ghost
  1984 | D:3      | Reached skill level 8 in Polearms
  1984 | D:3      | Reached XP level 5. HP: 18/41 MP: 5/5
  2155 | D:2      | XOM: confuse monster(s)
  2157 | D:2      | XOM: polymorph gnoll -> giant cockroach
  2365 | D:3      | Noticed Robin
  2379 | D:3      | Killed from afar by Robin

Vanquished Creatures
  The ghost of Herrn the Shield-Bearer, an average FoFi (D:3)
  2 gnolls
  2 giant geckos (D:2)
  2 oozes
  A ball python (D:1)
  17 bats
  3 giant cockroaches
  3 hobgoblins (D:1)
  3 giant newts
  7 goblins
  11 jackals
  8 kobolds
  5 rats
65 creatures vanquished.

Vanquished Creatures (collateral kills)
  A gnoll (D:2)
1 creature vanquished.

Vanquished Creatures (others)
  A quasit (D:3)
  2 shadow imps (D:3)
3 creatures vanquished.

Grand Total: 69 creatures vanquished
